 Dungeon Crawl Stone Soup version 0.26.1-11-gd32895ea62 (webtiles) character file.

Game seed: 5871734135019416440

75762 OdinFK the Bewitcher (level 15, -1/71 HPs)
             Began as a Felid Enchanter on May 21, 2021.
             Was the Champion of Fedhas.
             Splashed by a goliath frog's acid (8 damage)
             ... on level 1 of the Swamp on May 22, 2021.
             The game lasted 03:24:28 (33280 turns).

OdinFK the Bewitcher (Felid Enchanter)             Turns: 33280, Time: 03:24:29

Health: -1/71      AC:  3    Str:  6    XL:     15   Next: 10%
Magic:  20/22      EV: 35    Int: 22    God:    Fedhas [******]
Gold:   2351       SH:  0    Dex: 22    Spells: 9/18 levels left
                                        Lives:  0   Deaths: 4

rFire    . . .     SeeInvis +     - Unarmed
rCold    + . .     Faith    .   (shield unavailable)
rNeg     . . .     Spirit   .   (armour unavailable)
rPois    +         Reflect  .   (helmet unavailable)
rElec    .         Harm     .   (cloak unavailable)
rCorr    .         Rampage  .   (gloves unavailable)
Will     ++...                  (boots unavailable)
Stlth    ++++++++..             g - amulet of regeneration
HPRegen  0.61/turn              K - ring of poison resistance
MPRegen  0.18/turn              C - +6 ring of dexterity

@: quick
A: very small, no armour, no weapons or thrown items, stealth, claws 1, fangs 3,
see invisible, speed 1, shaggy fur 3, sharp paws
a: Renounce Religion, Wall of Briars, Grow Ballistomycete, Overgrow, Grow Oklob


You were on level 1 of the Swamp.
You worshipped Fedhas.
Fedhas was exalted by your worship.
You visited 5 branches of the dungeon, and saw 28 of its levels.
You also visited: Bailey and Gauntlet.

You collected 3960 gold pieces.
You spent 1609 gold pieces at shops.

Inventory:

Jewellery
 g - an amulet of regeneration (around neck)
 j - the ring "Ewafyng" {+Fly rPois rF++ rN+ Str-5}
   (You found it on level 4 of the Dungeon)

   [ring of positive energy]

   It affects your strength (-5).
   It greatly protects you from fire.
   It protects you from poison.
   It protects you from negative energy.
   It lets you fly.
 l - an uncursed amulet of magic regeneration {unknown}
 v - an uncursed amulet of faith {unknown}
 z - an uncursed ring of magical power
 A - an uncursed ring of ice
 C - a +6 ring of dexterity (right paw)
 D - an uncursed ring of resist corrosion
 K - a ring of poison resistance (left paw)
 L - an uncursed amulet of the acrobat {unknown}
 N - an uncursed ring of positive energy
 Q - an uncursed ring of willpower
 W - an uncursed amulet of magic regeneration {unknown}
 Y - an uncursed ring of protection from cold {unknown}
Wands
 d - a wand of iceblast (23)
 n - a wand of paralysis (10)
 p - a wand of acid (6)
 G - a wand of flame (7)
 H - a wand of enslavement (9)
 P - a wand of digging (11)
Scrolls
 b - 10 scrolls of fog
 f - a scroll of fear
 t - 6 scrolls of teleportation
 u - 20 scrolls of remove curse
 x - 2 scrolls of blinking
 y - 7 scrolls of immolation
 B - 3 scrolls of summoning
 E - a scroll of vulnerability
 J - 4 scrolls of amnesia
 M - 2 scrolls of magic mapping
 R - a scroll of holy word
 V - a scroll of torment
 X - 2 scrolls of silence
Potions
 a - 5 potions of mutation
 c - 5 potions of curing
 e - 7 potions of brilliance
 h - 6 potions of haste
 i - a potion of attraction {unknown}
 m - 3 potions of might
 o - 4 potions of flight
 q - a potion of invisibility
 r - 3 potions of resistance
 s - 3 potions of ambrosia {unknown}
 w - a potion of magic {unknown}
 F - 6 potions of lignification
 I - 3 potions of berserk rage
 S - a potion of cancellation
 Z - a potion of experience {unknown}
Miscellaneous
 k - a phial of floods
 O - a phantom mirror
 T - a condenser vane (inert)
 U - a box of beasts


   Skills:
 + Level 11.5 Fighting
 + Level 17.3 Dodging
 + Level 17.7 Stealth
 - Level 9.5 Unarmed Combat
 - Level 2.0 Spellcasting
 - Level 19.0 Hexes
 - Level 3.0 Ice Magic
 - Level 8.0 Invocations
 - Level 6.5 Evocations


You had 9 spell levels left.
You knew the following spells:

 Your Spells              Type           Power        Failure   Level
a - Corona                Hex            80%          0%          1
b - Ensorcelled Hibernat  Hex/Ice        100%         1%          2
c - Dazzling Flash        Conj/Hex       88%          1%          3
d - Tukima's Dance        Hex            72%          0%          3

Your spell library contained the following spells:

 Spells                   Type           Power        Failure   Level
 Confusing Touch          Hex            72%          0%          3
 Leda's Liquefaction      Hex/Erth       22%          2%          4
 Bolt of Magma            Conj/Fire/Erth 1%           98%         5
 Iron Shot                Conj/Erth      1%           100%        6
 Statue Form              Tmut/Erth      1%           100%        6
 Shatter                  Erth           1%           100%        9


Dungeon Overview and Level Annotations

Branches:
Dungeon (15/15)              Lair (6/6) D:10          Swamp (1/4) Lair:2
 Spider (4/4) Lair:2        Slime (0/5) Lair:5          Orc (2/2) D:10
    Elf (0/3) Orc:2        Vaults (0/5) D:13         Depths (0/5) D:15
 Bailey (visited)         Gauntlet (visited)
 Temple: D:4-7

Altars:
Cheibriados
Fedhas
Gozag
Hepliaklqana
Makhleb
Nemelex Xobeh
Trog
Xom
Zin
Beogh
Jiyva
Lugonu

Shops:
D:5 **(   D:15 }   Orc:1 [*}[[   Orc:2 ([*=

Portals:
Abyss: Spider:3
Trove: D:15 (give 5 scrolls of fear)

Annotations:
D:3 Natasha
D:4 Dowan, Duvessa
D:5 Grinder, Sigmund
D:8 Tinylith's ghost, novice GrFi
D:12 Josephine
Lair:1 3 runed translucent doors
Lair:6 1 runed translucent door
Spider:1 Roxanne
Spider:3 Bai Suzhen
Spider:4 Arachne
Orc:2 2 transporters, RawMediocrity's ghost, journeyman FoFi


Innate Abilities, Weirdness & Mutations

You cannot wear armour.
You are incapable of wielding weapons or throwing items.
Your paws allow you to move quietly. (Stealth)
You have sharp claws.
You have razor-sharp teeth.
You have supernaturally acute eyesight. (SInv)
You cover ground quickly.
Your thick and shaggy fur keeps you warm. (AC +3, rC+)
Your sharp claws are effective at attacking unaware monsters.


Message History

You are yanked forward by the harpoon shot.
Splash!
Found 13 gold pieces.
A goliath frog comes into view.
Casting: Ensorcelled Hibernation (safe; 1% risk of failure)
Confirm with . or Enter, or press ? or * to list all spells.
Aiming: Ensorcelled Hibernation (safe; 1% risk of failure)
Press: ? - help, Shift-Dir - straight line, f - eight-headed hydra
Aim: an eight-headed hydra (chance to affect: 37%)
The eight-headed hydra easily resists.
The eight-headed hydra completely misses you. x2
The eight-headed hydra bites you! x2
The eight-headed hydra completely misses you. x2
The eight-headed hydra bites you. The eight-headed hydra bites you!
* * * LOW HITPOINT WARNING * * *
The goliath frog hits you from afar!
* * * LOW HITPOINT WARNING * * *
You are splashed with acid!
You die...
Fedhas appreciates your contribution to the ecosystem.

≈$....≈≈≈≈≈§≈♣♣
≈..≈≈≈≈≈≈≈≈≈≈≈♣
.≈≈≈≈§≈≈≈≈≈.≈
.§≈≈≈≈≈≈≈..♣
....≈≈≈≈≈≈♣♣
.....≈≈≈≈..≈♣
..§.≈.≈.F..♣♣♣
≈...♣..≈§wD♣
≈≈.?..≈≈.≈@♣♣
≈≈≈..≈≈≈≈≈≈≈♣♣
≈≈.≈≈≈≈≈≈≈≈§.♣♣♣♣
...≈≈≈≈≈≈≈≈≈≈(...♣
♣♣.≈≈≈.≈≈≈≈≈..§≈§.
..≈≈≈≈≈<≈≈≈≈≈≈≈≈≈.♣
≈..≈≈≈.≈.≈≈≈.♣..≈.♣
≈≈.≈≈≈≈≈≈≈≈≈.♣♣.§..
≈..≈≈≈≈≈≈≈≈≈.♣ ≈...


You could see an eight-headed hydra, a goliath frog and a swamp worm.

Vanquished Creatures
  Nikola (Spider:1)
  Aizul (Spider:2)
  An orc warlord (Orc:2)
  Nessos (Lair:4)
  An entropy weaver (Spider:2)
  A fire dragon (D:15)
  A vault guard (D:13)
  2 boulder beetles
  8 hydras
  4 centaur warriors
  5 two-headed ogres
  An orc high priest (Orc:2)
  Nergalle (Orc:2)
  3 unseen horrors
  2 bog bodies (Lair:2)
  A deep elf mage (D:13)
  5 orc knights
  2 wolf spider zombies (D:15)
  23 ugly things
  18 wolf spiders
  6 orb spiders
  2 moths of wrath (Spider:3)
  An orc sorcerer (Orc:2)
  A manticore (D:15)
  3 cyclopes
  6 elephants
  A gargoyle (D:13)
  7 black mambas
  A molten gargoyle (Lair:6)
  2 torpor snails
  19 cane toads
  16 komodo dragons
  An efreet (D:15)
  A kobold demonologist (D:14)
  8 rime drakes
  4 demonic crawlers
  A queen bee (Spider:3)
  3 polar bears
  3 meliai (Spider:3)
  22 jumping spiders
  6 trolls
  A hornet (Spider:3)
  8 blink frogs
  3 dream sheep
  10 slime creatures
  A vampire (D:11)
  17 tarantellas
  45 redbacks
  33 yaks
  14 wyverns
  13 basilisks
  Grum (D:11)
  2 steam dragons
  6 vampire mosquitoes
  3 wargs
  A soldier ant (D:12)
  An acid dragon (D:12)
  15 water moccasins
  A black bear (D:11)
  6 sky beasts
  4 ice beasts
  41 orc warriors
  8 ogres
  An eye of draining (D:11)
  3 necrophages
  A phantom (D:7)
  19 wolves
  5 centaurs
  2 big kobolds
  Blork the orc (Orc:2)
  A gnoll sergeant (D:10)
  17 bullfrogs
  3 wyvern skeletons
  5 scorpions
  41 killer bees
  A wight (D:10)
  An electric eel (Spider:1)
  A howler monkey (D:7)
  3 bullfrog zombies
  2 lava snakes (Lair:6)
  A quasit (D:13)
  2 centaur zombies
  4 jellies
  23 orc priests
  10 hounds
  Crazy Yiuf (D:7)
  4 bullfrog skeletons
  A gnoll shaman (D:10)
  32 orc wizards
  4 centaur skeletons
  3 iguanas
  12 worker ants
  13 hell rats
  A hound zombie (D:7)
  3 mummies
  A howler monkey zombie (D:10)
  7 gnolls
  12 adders
  3 white imps
  An ufetubus (D:6)
  3 oozes
  An adder zombie (D:8)
  An adder skeleton (D:9)
  2 worms
  3 dart slugs
  11 leopard geckos
  100 orcs
  4 giant cockroaches
  10 goblins
  10 hobgoblins
  13 jackals
  8 kobolds
  5 quokkas
  A ball python (D:1)
  4 bats
  2 frilled lizards
  A jackal skeleton (D:4)
  A leopard gecko skeleton (D:8)
  A quokka skeleton (D:6)
  2 quokka zombies (D:5)
  4 rats
  A butterfly (Lair:1)
  2 lurking horrors (Spider:3)
865 creatures vanquished.

Vanquished Creatures (collateral kills)
  An entropy weaver (Spider:2)
  Urug (D:11)
  A skeletal warrior (D:14)
  A gargoyle (D:14)
  2 jumping spiders
  A hornet (Spider:2)
  A meliai zombie (D:13)
  3 dream sheep (Lair:6)
  A redback (Spider:1)
  A tarantella (Spider:1)
  A vampire mosquito (D:13)
  3 orc warriors
  5 wights
  2 gnolls (D:10)
  3 kobolds (D:11)
  5 ballistomycete spores (Spider:1)
32 creatures vanquished.

Vanquished Creatures (others)
  A wizard (D:15)
  An orb spider (Spider:1)
  A jumping spider (Spider:2)
  3 redbacks (Spider:1)
  2 tarantellas (Spider:1)
  A vampire mosquito (D:13)
  An orc warrior (Bailey)
  A wolf (Lair:3)
  3 bushes
  84 fungi
  123 plants
  8 withered plants (D:10)
229 creatures vanquished.

Grand Total: 1126 creatures vanquished

Notes
Turn   | Place    | Note
-------+----------+-------------------------------------------
     0 | D:1      | OdinFK the Felid Enchanter began the quest for the Orb.
     0 | D:1      | Reached XP level 1. HP: 7/7 MP: 4/4
   766 | D:1      | Reached XP level 2. HP: 12/12 MP: 4/6
   786 | D:1      | Learned a level 2 spell: Ensorcelled Hibernation
   853 | D:1      | Reached skill level 1 in Fighting
  1223 | D:1      | Reached XP level 3. HP: 15/15 MP: 7/7
  1734 | D:1      | Learned a level 3 spell: Dazzling Flash
  2271 | D:2      | Found a blossoming altar of Fedhas.
  2279 | D:2      | Became a worshipper of Fedhas Madash
  2626 | D:2      | Reached XP level 4. HP: 17/19 MP: 0/8
  3017 | D:3      | Noticed Natasha
  3261 | D:3      | Reached skill level 5 in Hexes
  3409 | D:3      | Found an opulent altar of Gozag.
  3410 | D:3      | Found a shimmering altar of Xom.
  3487 | D:3      | Reached skill level 1 in Invocations
  3527 | D:3      | Reached skill level 5 in Stealth
  3527 | D:3      | Reached XP level 5. HP: 20/22 MP: 2/9
  3702 | D:3      | Reached * piety under Fedhas
  4095 | D:4      | Reached skill level 6 in Hexes
  4117 | D:4      | Noticed Duvessa
  4315 | D:4      | Gained mutation: You are covered in thick fur. (AC +2)
                  | [Felid growth]
  4315 | D:4      | Reached XP level 6. HP: 26/26 MP: 0/10
  4426 | D:4      | Noticed Dowan
  4599 | D:4      | Got a sparkling marble ring
  4600 | D:4      | Lost strength.
  4600 | D:4      | Identified the ring "Ewafyng" {+Fly rPois rF++ rN+ Str-5}
                  | (You found it on level 4 of the Dungeon)
  4922 | D:4      | Reached skill level 7 in Hexes
  5360 | D:5      | Entered Level 5 of the Dungeon
  5360 | D:5      | Found Nogres's Assorted Antiques.
  5447 | D:5      | Found Joczepti's Antique Weapon Boutique.
  5544 | D:5      | Reached XP level 7. HP: 30/30 MP: 5/11
  5558 | D:5      | Learned a level 3 spell: Tukima's Dance
  5591 | D:5      | Noticed Grinder
  5780 | D:5      | Bought a copper wand for 92 gold pieces
  5780 | D:5      | Bought a fuming blue potion for 20 gold pieces
  5780 | D:5      | Bought a blackened glass wand for 92 gold pieces
  5848 | D:5      | Noticed Sigmund
  6113 | D:6      | Reached skill level 1 in Evocations
  6402 | D:6      | Reached skill level 5 in Dodging
  6456 | D:5      | Found a sparkling altar of Nemelex Xobeh.
  6492 | D:5      | Found Cuesh's Assorted Antiques.
  6508 | D:5      | Reached skill level 8 in Hexes
  6531 | D:5      | Bought a scroll labelled WUHACS ROACO for 28 gold pieces
  6531 | D:5      | Bought a scroll labelled BYOKAR INUSH for 28 gold pieces
  6595 | D:5      | Reached ** piety under Fedhas
  7343 | D:6      | Reached XP level 8. HP: 34/34 MP: 9/12
  7675 | D:7      | Reached skill level 9 in Hexes
  7685 | D:7      | Found a burning altar of Makhleb.
  7936 | D:7      | Reached skill level 10 in Hexes
  8248 | D:8      | Reached skill level 11 in Hexes
  8294 | D:8      | Found a runed translucent gate.
  8294 | D:8      | Found a runed translucent gate.
  8294 | D:8      | Found a runed translucent gate.
  8295 | D:8      | Found an opulent altar of Gozag.
  8297 | D:8      | Noticed Tinylith's ghost (novice GrFi)
  8297 | D:8      | Noticed a two-headed ogre
  8311 | D:8      | Reached *** piety under Fedhas
  8365 | D:8      | Noticed a two-headed ogre
  8524 | D:7      | Reached XP level 9. HP: 39/39 MP: 4/13
  8648 | D:7      | Found a runed translucent door.
  8649 | D:7      | Noticed Crazy Yiuf
  8661 | D:7      | Killed Crazy Yiuf
  8922 | D:8      | Killed a two-headed ogre
  9195 | D:8      | Reached skill level 5 in Fighting
  9287 | D:9      | Found a snail-covered altar of Cheibriados.
  9377 | D:9      | Noticed a troll
  9420 | D:9      | Killed a troll
  9485 | D:9      | Found a hazy altar of Hepliaklqana.
  9526 | D:9      | Noticed a troll
  9932 | D:9      | Reached **** piety under Fedhas
  9933 | D:9      | Reached skill level 5 in Unarmed Combat
 10012 | D:9      | Killed a troll
 10013 | D:9      | Reached skill level 12 in Hexes
 10013 | D:9      | Reached XP level 10. HP: 44/44 MP: 14/14
 10134 | D:10     | Entered Level 10 of the Dungeon
 10404 | D:10     | Reached skill level 10 in Dodging
 10618 | D:10     | Found a roughly hewn altar of Beogh.
 10715 | D:10     | Reached skill level 13 in Hexes
 10806 | D:10     | Reached ***** piety under Fedhas
 11015 | D:10     | Reached skill level 14 in Hexes
 11187 | D:10     | Found a staircase to the Lair.
 11416 | D:10     | Found a staircase to the Orcish Mines.
 11639 | D:9      | Reached skill level 1 in Ice Magic
 11742 | Lair:1   | Entered Level 1 of the Lair of Beasts
 11779 | Lair:1   | Slain by a basilisk
 11780 | Lair:1   | Reached XP level 9. HP: -3/41 MP: 17/22
 11803 | Lair:1   | Reached XP level 10. HP: 45/45 MP: 14/14
 11976 | Lair:1   | Noticed a seven-headed hydra
 12007 | Lair:1   | Noticed a cane toad
 12013 | Lair:1   | Killed a cane toad
 12172 | Lair:1   | Found a runed translucent gate.
 12173 | Lair:1   | Found a runed translucent gate.
 12174 | Lair:1   | Found a runed translucent gate.
 12195 | Lair:1   | Noticed a cane toad
 12214 | Lair:1   | Killed a cane toad
 12391 | Lair:1   | Noticed a minotaur
 12833 | Lair:1   | Noticed a cane toad
 12842 | Lair:1   | Killed a cane toad
 12949 | Lair:1   | Reached skill level 10 in Stealth
 13029 | Lair:2   | Noticed a cane toad
 13050 | Lair:2   | Killed a cane toad
 13093 | Lair:2   | Noticed an eight-headed hydra
 13102 | Lair:2   | Noticed a bog body
 13110 | Lair:2   | Noticed a four-headed hydra
 13124 | Lair:2   | Noticed a four-headed hydra
 13169 | Lair:2   | Noticed a black mamba
 13179 | Lair:2   | Killed a black mamba
 13180 | Lair:2   | Reached XP level 11. HP: 40/50 MP: 15/15
 13220 | Lair:2   | Found a gate leading to a gauntlet.
 13244 | Gauntlet | Entered a Gauntlet
 13244 | Gauntlet | Found a transporter.
 13244 | Gauntlet | Found a transporter.
 13244 | Gauntlet | Found a transporter.
 13244 | Gauntlet | Noticed a death ooze
 13244 | Gauntlet | Noticed a tengu warrior
 13254 | Gauntlet | Found a transporter.
 13258 | Gauntlet | Found a transporter.
 13266 | Gauntlet | Noticed a tengu warrior
 13269 | Gauntlet | Found a transporter.
 13272 | Gauntlet | Found a transporter.
 13284 | Gauntlet | Found a transporter.
 13299 | Gauntlet | Noticed a death scarab
 13303 | Gauntlet | Found a transporter.
 13305 | Gauntlet | Noticed a death scarab
 13310 | Gauntlet | Found a transporter.
 13311 | Gauntlet | Found a transporter.
 13327 | Gauntlet | Found a transporter.
 13449 | Gauntlet | Mangled by a death ooze
 13450 | Gauntlet | Reached XP level 10. HP: -11/45 MP: 9/23
 13467 | Gauntlet | Noticed a minotaur
 13508 | Lair:2   | Noticed a five-headed hydra
 13529 | Lair:2   | Found a staircase to the Swamp.
 13529 | Lair:2   | Noticed a bog body
 13706 | Lair:2   | Noticed a cane toad
 13712 | Lair:2   | Killed a cane toad
 13727 | Lair:2   | Found a hole to the Spider Nest.
 13727 | Lair:2   | Noticed an orb spider
 13773 | Lair:2   | Noticed a cane toad
 13779 | Lair:2   | Killed a cane toad
 13895 | Lair:2   | Noticed a black mamba
 14152 | Lair:3   | Noticed a seven-headed hydra
 14276 | Lair:3   | Noticed an eight-headed hydra
 14295 | Lair:3   | Noticed a cane toad
 14300 | Lair:3   | Killed a cane toad
 14301 | Lair:3   | Reached skill level 15 in Hexes
 14345 | Lair:3   | Noticed a cane toad
 14348 | Lair:3   | Noticed a black mamba
 14348 | Lair:3   | Noticed a black mamba
 14353 | Lair:3   | Killed a cane toad
 14361 | Lair:3   | Killed a black mamba
 14363 | Lair:3   | Killed a black mamba
 14559 | Lair:4   | Noticed Nessos
 14559 | Lair:4   | Noticed a cane toad
 14632 | Lair:4   | Noticed a cane toad
 14646 | Lair:4   | Killed a cane toad
 14660 | Lair:4   | Reached XP level 11. HP: 42/51 MP: 15/15
 14726 | Lair:3   | Killed from afar by a rime drake
 14727 | Lair:3   | Reached XP level 10. HP: -2/48 MP: 21/23
 14899 | Lair:4   | Killed Nessos
 14903 | Lair:4   | You fall into a shaft and drop 2 floors!
 14903 | Lair:6   | Entered Level 6 of the Lair of Beasts
 14941 | Lair:5   | Noticed a black mamba
 14948 | Lair:5   | Killed a black mamba
 15255 | Lair:4   | Noticed an elephant
 15304 | Lair:4   | Killed a cane toad
 15305 | Lair:4   | Reached XP level 11. HP: 51/51 MP: 13/15
 15657 | Lair:5   | Noticed a death yak
 15790 | Lair:5   | Reached skill level 16 in Hexes
 15813 | Lair:5   | Noticed a death yak
 15814 | Lair:5   | Noticed a death yak
 15814 | Lair:5   | Noticed a death yak
 15814 | Lair:5   | Noticed a death yak
 15814 | Lair:5   | Noticed a death yak
 15850 | Lair:5   | Found a viscous altar of Jiyva.
 15851 | Lair:5   | Found a staircase to the Slime Pits.
 15892 | Lair:5   | Noticed a death yak
 16158 | Lair:5   | HP: 1/51 [rime drake/flash freeze (22)]
 16464 | Lair:5   | Noticed a death yak
 16464 | Lair:5   | Noticed a death yak
 16464 | Lair:5   | Noticed a death yak
 16657 | D:11     | Noticed Urug
 16715 | D:11     | Noticed a boulder beetle
 16729 | D:11     | Killed a boulder beetle
 16912 | D:11     | Killed Urug
 16957 | D:11     | Noticed Grum
 16976 | D:11     | Killed Grum
 16976 | D:11     | Reached ****** piety under Fedhas
 17235 | D:11     | Noticed an unseen horror
 17351 | D:11     | Killed an unseen horror
 17448 | D:11     | Gained mutation: Your thick and shaggy fur keeps you warm.
                  | (AC +3, rC+) [Felid growth]
 17448 | D:11     | Reached XP level 12. HP: 56/56 MP: 10/16
 17499 | D:12     | Found a flagged portal.
 17523 | Bailey   | Entered a bailey
 18106 | D:12     | Noticed Josephine
 18185 | D:12     | Reached skill level 5 in Evocations
 18349 | D:12     | Noticed a six-headed hydra
 18356 | D:12     | Killed a six-headed hydra
 18489 | D:13     | Noticed a centaur warrior
 18499 | D:13     | Killed a centaur warrior
 18500 | D:13     | Reached skill level 5 in Invocations
 18872 | D:13     | Found a glowing silver altar of Zin.
 18901 | D:13     | Noticed an ogre mage
 19005 | D:13     | Noticed a two-headed ogre
 19007 | D:13     | Noticed a two-headed ogre
 19007 | D:13     | Noticed a two-headed ogre
 19171 | D:12     | Killed a two-headed ogre
 19204 | D:13     | Killed a two-headed ogre
 20344 | D:13     | Noticed a centaur warrior
 20351 | D:13     | Killed a centaur warrior
 20352 | D:13     | Reached XP level 13. HP: 60/60 MP: 18/18
 20392 | D:13     | Found a gate to the Vaults.
 20454 | D:13     | Reached skill level 17 in Hexes
 21795 | Lair:6   | Reached skill level 10 in Fighting
 21920 | Lair:6   | Reached skill level 15 in Stealth
 22555 | Lair:6   | Reached skill level 15 in Dodging
 23197 | Lair:6   | Reached skill level 18 in Hexes
 23197 | Lair:6   | Reached XP level 14. HP: 58/66 MP: 12/19
 23339 | Lair:6   | Found a large runed translucent door.
 24025 | Orc:1    | Entered Level 1 of the Orcish Mines
 24025 | Orc:1    | Found Ciemoes's Armour Emporium.
 24025 | Orc:1    | Found Jomacuun's Assorted Antiques.
 24025 | Orc:1    | Found Vogumeff's Gadget Emporium.
 24035 | Orc:1    | Found Vavejy's Antique Armour Shop.
 24043 | Orc:1    | Bought a scroll labelled GIRITA PUSI for 28 gold pieces
 24173 | Orc:1    | Found Cetese Laree's Armour Shop.
 24635 | Orc:2    | Entered Level 2 of the Orcish Mines
 24644 | Orc:2    | Found a transporter.
 24644 | Orc:2    | Found a transporter.
 24794 | Orc:2    | Noticed Blork the orc
 25214 | Orc:2    | Noticed RawMediocrity's ghost (journeyman FoFi)
 25215 | Orc:2    | Found a bloodstained altar of Trog.
 25266 | Orc:2    | Found a staircase to the Elven Halls.
 25342 | Orc:2    | Noticed an orc warlord
 25434 | Orc:2    | Killed an orc warlord
 25495 | Orc:2    | Identified the +4 bardiche "Orb Guardian's Doom" {flame,
                  | rElec}
 25572 | Orc:2    | Noticed Nergalle
 25613 | Orc:2    | Found a roughly hewn altar of Beogh.
 25763 | Orc:2    | Paralysed by an orc sorcerer for 6 turns
 26071 | Orc:2    | Killed Blork the orc
 26196 | Orc:2    | Found Fearuar's Antique Weapon Emporium.
 26240 | Orc:2    | Found Pesm's General Store.
 26247 | Orc:2    | Bought a scroll of holy word for 97 gold pieces
 26247 | Orc:2    | Bought a potion of cancellation for 104 gold pieces
 26257 | Orc:2    | Killed Nergalle
 26281 | Orc:2    | Found Immayfim's Antique Armour Emporium.
 26299 | Orc:2    | Found Natooxt's Jewellery Emporium.
 26362 | Orc:1    | Bought a condenser vane for 560 gold pieces
 26362 | Orc:1    | Bought a box of beasts for 560 gold pieces
 27182 | D:15     | Entered Level 15 of the Dungeon
 27182 | D:15     | Found Benuhyut's Gadget Boutique.
 27526 | D:15     | Found a bloodstained altar of Trog.
 27944 | D:15     | Found a staircase to the Depths.
 28671 | D:15     | Reached XP level 15. HP: 70/70 MP: 13/21
 28701 | D:15     | Found a portal to a secret trove of treasure.
 28890 | D:14     | Identified a scroll of acquirement
 28894 | D:14     | Acquired 1090 gold pieces
 29232 | Spider:1 | Entered Level 1 of the Spider Nest
 29278 | Spider:1 | Noticed Roxanne
 29301 | Spider:1 | You fall into a shaft and drop 1 floor!
 29452 | Spider:1 | Noticed Nikola
 29479 | Spider:1 | Killed Nikola
 30425 | Spider:2 | Blown up by an orb spider
 30426 | Spider:2 | Reached XP level 14. HP: -4/66 MP: 17/20
 30569 | Spider:2 | Noticed Aizul
 30699 | Spider:2 | Killed Aizul
 31238 | Spider:3 | Found a one-way gate to the infinite horrors of the Abyss.
 31254 | Spider:3 | Found a corrupted altar of Lugonu.
 31645 | Spider:3 | Reached skill level 19 in Hexes
 31689 | Spider:3 | Noticed Bai Suzhen
 32237 | Spider:3 | Reached XP level 15. HP: 71/71 MP: 10/22
 32927 | Spider:4 | Entered Level 4 of the Spider Nest
 32927 | Spider:4 | Noticed Arachne
 33270 | Swamp:1  | Entered Level 1 of the Swamp
 33280 | Swamp:1  | Splashed by a goliath frog's acid

Illustrated notes

Levels and vault maps discovered:
D:1:      moated_graveyard_arrival, layout_loops_ring, serial_forest,
          infiniplex_forest_clump_curved, infiniplex_forest_end_3,
          infiniplex_forest_end_2, infiniplex_forest_clump_small
D:2:      layout_basic, fedhas_altar_fruit_tree, minmay_circle_x
D:3:      layout_basic, chequers_temple_overflow_statue_of_worship,
          minmay_misc_feat_room, minmay_increasing_density, uniq_natasha
D:4:      layout_loops_ring, minmay_manual_mares, uniq_duvessa
D:5:      layout_loops_corners, nemelex_xobeh_ov_fountains_minmay,
          minmay_temple_entry_butterflies, serial_shops, shop_statue, shop,
          shop_coins, uniq_grinder, uniq_sigmund
D:6:      layout_loops_cross
D:7:      layout_basic, lightli_temple_of_fire, nicolae_ossuary_entry_monument,
          uniq_crazy_yiuf_cottage
D:8:      layout_rooms, ebering_ghost_gozag, dk_noncrumbling_2,
          supply_closet_lemuel, nrook_loot_triangle
D:9:      layout_irregular_city, kennysheep_mini_moat, slow_altar_2
D:10:     layout_long_grid, erik_lair_orcish_takeover, orc_0_dummy, special_room
          [special_room_orc], serial_undead, serial_undead_c, serial_undead_e,
          serial_undead_f, serial_undead_f
D:11:     layout_cave_pools, uniq_grum, uniq_urug
D:12:     layout_rooms, enter_bailey_2, uniq_josephine
D:13:     layout_roguey, david_vaults_5, basic_altar
D:14:     layout_roguey, nicolae_lava_and_water, grunt_tough_drop
D:15:     hangedman_depths_entry_try_elsewhere_first, layout_loops_ring,
          chequers_serial_rivers_room_b, nicolae_trove_entry_diagonal,
          serial_shops, shop, trog_wizard
Lair:1:   layout_cave_pods, maelrawn_ghost_gauntlet_escape, lemuel_fruit_fields
Lair:2:   layout_small_grid, skrybe_swamp_entry_bodies,
          nicolae_spider_entry_orb_guardian, gauntlet_entry_generic,
          nicolae_volcano_entry_two_sided, grunt_megastairs_2
Lair:3:   layout_roguey, chequers_serial_rivers_micro_c
Lair:4:   layout_loops_ring, lemuel_old_faithful, grunt_megastairs_4,
          uniq_nessos
Lair:5:   layout_roguey [special_room_mythical_zoo], slime_altar_1,
          serial_bayou_shore_a
Lair:6:   cheibrodos_lair_end_hotspot, layout_regular_city, wad_woods_road_01
Swamp:1:  layout_basic_swamp, nicolae_swamp_treefoil, swamp_pool2,
          infiniplex_staircase_pool_2
Spider:1: layout_spider_delve, guppyfry_spider_mini_2, uniq_nikola, uniq_roxanne
Spider:2: layout_spider_delve, uniq_aizul
Spider:3: layout_chambers, special_room [special_room_bee],
          amcnicky_altar_lugonu_corruption, uniq_bai_suzhen
Spider:4: guppyfry_spider_rune, guppyfry_hornet_nest, uniq_arachne
Orc:1:    layout_caves, serial_shops, shop, shop, shop, shop,
          nicolae_shop_waterfront
Orc:2:    grunt_orc_cross, layout_caves, gammafunk_ghost_wrathful_warriors

Skill      XL: |  1  2  3  4  5  6  7  8  9 10 11 12 13 14 15 |
---------------+----------------------------------------------+-----
Dodging        | 3 4 5 7 9 12 13 15 17 | 17.3
Fighting       | 1 2 3 4 5 8 9 10 11 | 11.5
Unarmed Combat | 2 3 5 6 7 8 9 |  9.5
Hexes          | 5 6 7 8 11 12 15 16 18 19 | 19.0
Invocations    | 1 2 3 4 5 6 8 7 |  8.0
Stealth        | 5 6 8 12 13 14 15 16 17 | 17.7
Evocations     | 2 3 4 5 6 |  6.5
Ice Magic      | 1 2 3 |  3.0
Spellcasting   | |  2.0

Action                   |  1- 3 |  4- 6 |  7- 9 | 10-12 | 13-15 || total
-------------------------+-------+-------+-------+-------+-------++-------
Melee: Unarmed           |    76 |   131 |   365 |   680 |   695 ||  1947
       Bite              |     3 |     8 |    34 |    48 |    57 ||   150
       Punch             |       |     2 |     3 |    16 |    16 ||    37
 Cast: Corona            |    13 |     6 |    24 |    17 |    11 ||    71
       Ensorcelled Hiber |    38 |    62 |   106 |   369 |   507 ||  1082
       Tukima's Dance    |       |       |       |    22 |     2 ||    24
       Dazzling Flash    |       |       |       |    16 |    27 ||    43
Invok: Overgrow          |       |       |       |     2 |     1 ||     3
       Grow Ballistomyce |       |       |       |       |     2 ||     2
Evoke: Wand              |       |     1 |     4 |    23 |    24 ||    52
       Box of beasts     |       |       |       |       |     3 ||     3
       Condenser vane    |       |       |       |       |     3 ||     3
       Phial of floods   |       |       |       |       |     1 ||     1
       Phantom mirror    |       |       |       |       |     1 ||     1
  Use: Scroll            |       |     4 |     5 |    17 |    19 ||    45
       Potion            |       |       |     1 |     3 |     5 ||     9
 Stab: Sleeping          |    34 |    36 |    67 |   225 |   308 ||   670
       Paralysed         |       |       |     5 |     2 |     2 ||     9
       Distracted        |       |       |     2 |     3 |     4 ||     9
       Invisible         |       |       |       |     9 |    15 ||    24
Armor: Skin              |     6 |    13 |    14 |    23 |    22 ||    78
Dodge: Dodged            |    42 |   175 |   367 |   835 |  1020 ||  2439
